 Dungeon Sprint DCSS version 0.29-a0-925-g0a7a3d12f8 (webtiles) character file.

Game seed: 7573897374639132213

1295 Hipnos the Basher (level 8, -3/93 HPs)
             Began as a Troll Chaos Knight on July 28, 2022.
             Was a Plaything of Xom.
             Slain by an iron imp (7 damage)
             ... summoned by Xom
             ... in the Dungeon (Sprint II: "The Violet Keep of Menkaure").
             The game lasted 00:04:32 (387 turns).

Hipnos the Basher (Troll Chaos Knight)               Turns: 387, Time: 00:04:33

Health: -3/93      AC: 12    Str: 23    XL:     8   Next: 30%
Magic:  7/7        EV: 11    Int:  8    God:    Xom [......]
Gold:   39         SH:  0    Dex:  9    Spells: 7/7 levels left

rFire   . . .      SeeInvis .   e - +0 eveningstar (protect)
rCold   + . .      Faith    .   (no shield)
rNeg    . . .      Spirit   .   f - +1 robe {rC+}
rPois   .          Reflect  .   (helmet restricted)
rElec   .          Harm     .   (no cloak)
rCorr   .          Rampage  .   (gloves unavailable)
Will    .....      NoTele   +   (boots unavailable)
Stlth   +.........              (no amulet)
HPRegen 1.05/turn               (no ring)
MPRegen 0.10/turn               (no ring)

@: under a protective aura
A: large, unfitting armour, claws 3, regeneration 1, shaggy fur 1, tough skin 1
a: Renounce Religion


You were in the Dungeon.
You worshipped Xom.
You were a very special plaything of Xom.
You visited 1 branch You collected 729 gold pieces.
You spent 690 gold pieces at shops.

Inventory:

Hand Weapons
 a - a +0 mace of chaos
 e - a +0 eveningstar of protection (weapon)
Armour
 b - a +2 robe
 f - a +1 robe of cold resistance (worn)
Scrolls
 h - a scroll of magic mapping {unknown}
 i - a scroll of blinking
Potions
 g - 2 potions of magic
Miscellaneous
 c - a piece from Xom's chessboard (15/15) (quivered)


   Skills:
 + Level 10.2 Fighting
 + Level 11.2 Maces & Flails
 + Level 7.1 Dodging
 + Level 0.3 Stealth


You had 7 spell levels left.
You didn't know any spells.
Your spell library was empty.

Dungeon Overview and Level Annotations

Branches:
Dungeon (1/1)

Altars:
Cheibriados
Dithmenos
Elyvilon
Fedhas
Gozag
Hepliaklqana
Kikubaaqudgha
Makhleb
Nemelex Xobeh
Okawaru
Ru
Sif Muna
Trog
Uskayaw
Vehumet
Xom
Zin
Jiyva
Lugonu

Shops:
D ?:(==[[[*:!?[!?

Annotations:
D exclusion: oklob plant


Innate Abilities, Weirdness & Mutations

You are too large for most types of armour.
You have claws for hands.
Your natural rate of healing is unusually fast.
You are covered in fur. (AC +1)
You have tough skin. (AC +1)


Message History

The polar bear is heavily wounded.
The polar bear closely misses you. The polar bear completely misses you.
The polar bear claws you but does no damage.
The orange demon stings you from afar. The iron imp closely misses you.
You hit the polar bear.
The polar bear is heavily wounded.
The polar bear bites you but does no damage.
The polar bear claws you. The polar bear misses you.
The orange demon closely misses you. The iron imp misses you.
You puncture the polar bear!
The polar bear is almost dead.
The polar bear bites you.
The polar bear claws you but does no damage. x2
The orange demon stings you but does no damage.
You hit the polar bear but do no damage.
The polar bear is almost dead.
The polar bear goes berserk!
Xom thinks this is hilarious!
The orange demon stings you but does no damage.
The iron imp shouts, "Give up, thou lumpish fen-sucked malt-worm!"
The iron imp closely misses you.
You barely miss the polar bear.
The polar bear is almost dead.
The polar bear barely misses you.
The polar bear claws you but does no damage.
The polar bear closely misses you. The orange demon stings you from afar.
The iron imp hits you but does no damage.
The polar bear bites you but does no damage.
The polar bear claws you but does no damage. x2
You completely miss the polar bear.
The polar bear is almost dead.
The orange demon stings you from afar!
* * * LOW HITPOINT WARNING * * *
The polar bear bites you!!
* * * LOW HITPOINT WARNING * * *
The polar bear misses you.
The polar bear claws you but does no damage.
The iron imp hits you!
You die...
Xom cackles wildly!

##.. #. .##.#### +.###
.. ...# ...# ## #B
##..## #..# $# +#
#.##..# +..# .#
.##.###..# #..# y#
<.'##.+..####.4##h#
.##†..#....###.5@##▓▓
'###.##......≈≈≈≈≈≈≈≈≈≈≈
#.####≈≈...§.≈#+########
##.#≈≈≈≈≈≈§§.≈#....._._#
#.##≈§≈≈≈≈§≈.≈#...._._.#
'##≈≈≈≈≈§§≈≈≈≈#..._._._#
≈≈≈§≈§≈≈≈§≈≈≈≈#.._._._.#
#+++#≈≈§≈≈≈§§§#._._._._#
≈≈° ##≈§≈###§§#_._._.


You could see an orange demon (summoned), a polar bear (berserk), a hornet and
an iron imp (summoned).

Vanquished Creatures
  2 polar bears (D)
  2 wyverns (D)
  A vampire mosquito (D)
  Menkaure (D)
  A water moccasin (D)
  4 necrophages (D)
  3 worms (D)
14 creatures vanquished.

Vanquished Creatures (others)
  A water moccasin (D)
1 creature vanquished.

Grand Total: 15 creatures vanquished

Notes
Turn   | Place    | Note
-------+----------+-------------------------------------------
     0 | D        | Hipnos the Troll Chaos Knight began the quest for the Orb.
     0 | D        | Reached XP level 1. HP: 22/22 MP: 0/0
     1 | D        | Noticed a necrophage
     1 | D        | Noticed a necrophage
     1 | D        | Noticed a necrophage
     1 | D        | Noticed a necrophage
    10 | D        | Killed a necrophage
    11 | D        | Reached skill level 5 in Maces & Flails
    11 | D        | Reached XP level 2. HP: 33/33 MP: 1/1
    11 | D        | Reached XP level 3. HP: 40/40 MP: 2/2
    14 | D        | Killed a necrophage
    15 | D        | Reached skill level 5 in Fighting
    15 | D        | Reached skill level 6 in Maces & Flails
    15 | D        | Reached XP level 4. HP: 41/52 MP: 3/3
    22 | D        | Killed a water moccasin
    28 | D        | Killed a necrophage
    29 | D        | Reached XP level 5. HP: 36/61 MP: 4/4
    36 | D        | Reached skill level 7 in Maces & Flails
    91 | D        | Noticed a wyvern
    91 | D        | Noticed a wyvern
    95 | D        | Noticed a boulder beetle
    95 | D        | Noticed a boulder beetle
   101 | D        | Noticed Menkaure
   104 | D        | XOM: potion effect (might)
   107 | D        | Killed a wyvern
   108 | D        | Reached skill level 8 in Maces & Flails
   108 | D        | Reached skill level 5 in Dodging
   108 | D        | Reached XP level 6. HP: 12/72 MP: 5/5
   110 | D        | Killed a wyvern
   111 | D        | Reached skill level 9 in Maces & Flails
   111 | D        | Reached XP level 7. HP: 11/81 MP: 6/6
   112 | D        | Killed Menkaure
   114 | D        | XOM: silly message
   205 | D        | Found Meixtiewk's Magic Scroll Emporium.
   205 | D        | Found Luly's Magic Scroll Shoppe.
   205 | D        | Found Buwa's Distillery.
   205 | D        | Found Ibucwol's Distillery.
   206 | D        | Found Kunn's Antique Armour Emporium.
   206 | D        | Found Bicutam's General Store.
   206 | D        | Found Ameisu's Antique Armour Emporium.
   207 | D        | Found Eniacope's Antique Armour Emporium.
   207 | D        | Found Saluis's Antique Armour Shoppe.
   207 | D        | Found Xuec's Jewellery Shoppe.
   208 | D        | Found Rerocos's Book Emporium.
   209 | D        | Found Sadamoq's Jewellery Shoppe.
   209 | D        | Found Maeffiy's Antique Weapon Emporium.
   209 | D        | Noticed a death yak
   209 | D        | Noticed an oklob plant
   209 | D        | Noticed a cane toad
   210 | D        | Found Ecrig's Magic Scroll Shoppe.
   210 | D        | Found Zygeg's Book Shoppe.
   210 | D        | Noticed a cane toad
   216 | D        | XOM: silly message
   219 | D        | Reached skill level 10 in Maces & Flails
   241 | D        | Bought a scroll of acquirement for 572 gold pieces
   244 | D        | Acquired a +0 eveningstar of protection
   261 | D        | Bought a glowing robe for 118 gold pieces
   286 | D        | Noticed a vampire mosquito
   296 | D        | Killed a vampire mosquito
   342 | D        | Found a snail-covered altar of Cheibriados.
   343 | D        | Found a shadowy altar of Dithmenos.
   344 | D        | Found a white marble altar of Elyvilon.
   344 | D        | Found an ancient bone altar of Kikubaaqudgha.
   344 | D        | Found a viscous altar of Jiyva.
   345 | D        | Found a blossoming altar of Fedhas.
   345 | D        | Found a corrupted altar of Lugonu.
   345 | D        | Found a shimmering blue altar of Sif Muna.
   345 | D        | Found a hazy altar of Hepliaklqana.
   345 | D        | Found a sacrificial altar of Ru.
   346 | D        | Found an opulent altar of Gozag.
   346 | D        | Found a burning altar of Makhleb.
   346 | D        | Found a bloodstained altar of Trog.
   346 | D        | Found a shimmering altar of Xom.
   350 | D        | Found a sparkling altar of Nemelex Xobeh.
   350 | D        | Found a hide-covered altar of Uskayaw.
   365 | D        | Found an iron altar of Okawaru.
   365 | D        | Found a radiant altar of Vehumet.
   365 | D        | Found a glowing silver altar of Zin.
   366 | D        | Noticed a yaktaur
   366 | D        | Noticed a hornet
   366 | D        | Noticed a polar bear
   366 | D        | Noticed a polar bear
   366 | D        | Noticed a polar bear
   369 | D        | XOM: summons 2 hostile demons
   370 | D        | Noticed an orange demon
   375 | D        | Killed a polar bear
   376 | D        | Reached XP level 8. HP: 65/93 MP: 7/7
   379 | D        | XOM: chaos upgrade
   381 | D        | Killed a polar bear
   382 | D        | Reached skill level 10 in Fighting
   382 | D        | Reached skill level 11 in Maces & Flails
   387 | D        | HP: 4/93 [polar bear (19)]
   387 | D        | Slain by an iron imp

Illustrated notes

Levels and vault maps discovered:
D:        the_violet_keep_of_menkaure [sprint2_stairs_cluster_1,
          sprint2_shoproom, sprint2_temple, sprint2_basic_supplies,
          sprint2_obstacle_5, sprint2_obstacle_4, sprint2_obstacle_7,
          sprint2_obstacle_6, sprint2_obstacle_2, sprint2_timed_cluster_1,
          sprint2_smallroom_cluster_1, sprint2_smallroom_final_cluster_1,
          sprint2_transparent_cluster_1, sprint2_second_timed_cluster_1,
          sprint2_sniper_area_1, sprint2_heavy_combat_area_1,
          sprint2_mutation_trap_area_1, sprint2_forest_area_1,
          sprint2_light_combat_area_1, sprint2_behind_water_1,
          sprint2_near_end_vault_1]

Skill      XL: |  1  2  3  4  5  6  7  8 |
---------------+-------------------------+-----
Fighting       | 4 5 6 8 9 10 | 10.2
Maces & Flails | 5 6 8 9 10 11 | 11.2
Dodging        | 3 4 5 6 7 |  7.1
Stealth        | |  0.3

Action                   |  1- 3 |  4- 6 |  7- 9 || total
-------------------------+-------+-------+-------++-------
Melee: Mace              |    12 |    39 |     7 ||    58
       Eveningstar       |       |       |    30 ||    30
       Punch             |       |       |     1 ||     1
  Use: Potion            |     1 |     2 |     1 ||     4
       Scroll            |       |       |     1 ||     1
Armor: Robe              |     1 |     7 |    37 ||    45
Dodge: Dodged            |     1 |    16 |    39 ||    56

Table legend: (Time is in decaauts)
 A = Elapsed time spent in this place.
 B = Non-inter-level travel time spent in this place.
 C = Inter-level travel time spent in this place.
 D = Time resting spent in this place.
 E = Time spent auto-exploring this place.
 F = Levels seen in this place.
 G = Mean time per level.
                   A        B        C        D        E       F      G
               +--------+--------+--------+--------+--------+-----+--------+
         Total |    391 |    391 |      0 |    103 |      0 |   1 |  391.0 |
       Dungeon |    391 |    391 |      0 |    103 |      0 |   1 |  391.0 |
               +--------+--------+--------+--------+--------+-----+--------+

Top non-repeatable levels by time:
       D: 391 daAuts
